Map: [ESL] Site Delta

Players

Firefly - Winner!

  • Race: Protoss Protoss
  • Spawn Location: 5:00

Nice

  • Race: Protoss Protoss
  • Spawn Location: 11:00

Event: ESL SC2 Masters 2023 Winter (Regional)

VOD

Have the link to the VOD?

Description

Time

  • Played on: Nov. 17, 2023, 6:49 a.m.
  • Length: 12:57

All games in this series

Show
View Real Time Build Order
Export as new Build Order

Firefly Protoss - Winner!

Build Orders: Phoenix Opening 

Get SALT Encoding   

  12  0:00  Probe  
  13  0:12  Probe  
  14  0:18  Pylon  
  14  0:24  Probe  
  15  0:36  Probe (Chrono Boost)  
  15  0:39  Gateway  
  16  0:46  Assimilator, Probe (Chrono Boost)  
  17  0:51  Probe (Chrono Boost)  
  18  1:03  Probe (Chrono Boost)  
  19  1:05  Assimilator  
  19  1:14  Probe (Chrono Boost)  
  19  1:17  Pylon  
  20  1:19  Probe (Chrono Boost)  
  21  1:28  Cybernetics Core  
  21  1:29  Probe  
  22  1:35  Zealot  
  22  1:37  Pylon  
  24  1:41  Probe  
  25  1:57  Probe  
  26  2:04  Stalker (Chrono Boost)  
  26  2:05  Stargate  
  28  2:15  Cybernetics Core  
  28  2:22  Warp Gate  
  27  2:25  Stalker  
  29  2:35  Pylon  
  29  2:48  Phoenix (Chrono Boost)  
  31  3:01  Nexus  
  31  3:11  Phoenix (Chrono Boost)  
  31  3:13  Probe  
  32  3:41  Phoenix  
  32  3:50  Probe  
  32  3:54  Robotics Facility  
  33  4:00  Gateway  
  33  4:02  Probe  
  34  4:05  Phoenix  
  36  4:13  Adept, Pylon, Probe  
  39  4:19  Probe  
  40  4:25  Probe  
  41  4:31  Probe  
  41  4:33  Phoenix  
  41  4:37  Probe  
  45  4:44  Observer (Chrono Boost)  
  46  4:46  Probe  
  46  4:47  Shield Battery  
  46  4:50  Probe  
  48  4:58  Probe  
  49  5:02  Immortal (Chrono Boost), Pylon  
  49  5:04  Probe  
  54  5:10  Probe  
  54  5:12  Adept  
  57  5:16  Probe  
  58  5:23  Probe  
  59  5:32  Probe  
  59  5:34  Immortal, Pylon  
  60  5:43  Stalker x2  
  64  5:52  Pylon  
  64  5:54  Probe  
  63  5:59  Twilight Council  
  63  6:01  Pylon  
  63  6:02  Probe  
  63  6:04  Assimilator  
  64  6:13  Immortal (Chrono Boost)  
  68  6:20  Gateway  
  68  6:21  Gateway  
  68  6:22  Pylon  
  68  6:24  Stalker  
  70  6:30  Stalker  
  72  6:47  Warp Prism (Chrono Boost)  
  72  6:48  Stalker  
  72  6:54  Stalker  
  78  7:00  Nexus  
  78  7:10  Pylon  
  78  7:12  Stalker  
  80  7:16  Stalker  
  80  7:17  Stalker  
  80  7:19  Stalker  
  75  7:52  Blink (Chrono Boost)  
  75  7:54  Stalker x4  
  75  7:56  Probe x2  
  59  8:17  Stalker x2  
  59  8:18  Probe, Stalker x2  
  59  8:19  Probe x2  
  68  8:26  Gateway  
  68  8:28  Gateway x2  
  68  8:30  Probe  
  68  8:31  Gateway  
  68  8:32  Probe  
  68  8:34  Probe  
  71  8:39  Forge  
  71  8:40  Observer  
  72  8:47  Shield Battery  
  72  8:49  Probe  
  72  8:51  Probe  
  74  8:57  Stalker  
  76  9:03  Stalker x3  
  82  9:14  Warp Prism (Chrono Boost)  
  86  9:20  Stalker  
  86  9:22  Pylon  
  86  9:23  Stalker x3  
  86  9:24  Stalker  
  94  9:25  Zealot  
  94  9:27  Stalker  
  94  9:29  Zealot  
  100  9:35  Pylon  
  100  9:43  Pylon  
  100  9:48  Stalker  
  100  9:49  Zealot, Stalker x2  
  106  10:04  Zealot, Stalker x3  
  65  10:58  Nexus  
Show
View Real Time Build Order
Export as new Build Order

Nice Protoss 

Build Orders: Blink Stalkers 

Get SALT Encoding   

  12  0:00  Probe  
  13  0:12  Probe  
  14  0:19  Pylon  
  14  0:24  Probe  
  15  0:37  Probe (Chrono Boost)  
  15  0:38  Gateway  
  16  0:48  Assimilator, Probe (Chrono Boost)  
  17  0:53  Probe (Chrono Boost)  
  18  1:04  Probe  
  19  1:16  Probe  
  20  1:23  Pylon  
  20  1:26  Zealot  
  20  1:27  Cybernetics Core  
  20  1:28  Probe  
  23  1:41  Probe  
  23  1:42  Assimilator  
  24  1:53  Probe  
  25  2:02  Pylon, Stalker (Chrono Boost)  
  25  2:05  Warp Gate  
  25  2:06  Probe  
  28  2:18  Probe  
  29  2:28  Shield Battery, Pylon  
  29  2:30  Probe  
  30  2:37  Stalker  
  31  2:47  Probe (Chrono Boost)  
  32  2:51  Nexus  
  32  2:54  Probe (Chrono Boost)  
  33  3:01  Twilight Council  
  33  3:04  Probe  
  34  3:13  Stalker (Chrono Boost)  
  34  3:16  Probe  
  37  3:30  Pylon  
  37  3:34  Stalker  
  35  3:48  Blink (Chrono Boost)  
  35  3:50  Probe  
  35  3:51  Shield Battery  
  34  4:02  Gateway, Probe  
  35  4:05  Probe  
  36  4:11  Gateway  
  36  4:14  Stalker  
  38  4:17  Probe  
  38  4:19  Probe  
  40  4:29  Probe  
  41  4:31  Probe  
  41  4:38  Stalker  
  42  4:41  Probe  
  42  4:44  Probe  
  43  4:53  Probe  
  43  4:57  Stalker, Pylon  
  44  5:00  Probe  
  44  5:02  Stalker  
  44  5:05  Probe, Stalker  
  50  5:10  Assimilator  
  50  5:12  Probe  
  49  5:17  Nexus  
  49  5:18  Probe  
  50  5:23  Stalker  
  50  5:29  Probe  
  50  5:30  Stalker x2  
  50  5:35  Probe  
  54  5:37  Robotics Facility  
  54  5:46  Probe (Chrono Boost)  
  54  5:47  Probe (Chrono Boost)  
  54  5:49  Stalker  
  55  5:58  Stalker x2  
  55  5:59  Probe (Chrono Boost)  
  55  6:01  Probe (Chrono Boost)  
  55  6:04  Probe (Chrono Boost)  
  60  6:05  Pylon  
  60  6:08  Probe  
  60  6:09  Pylon  
  62  6:14  Forge, Probe  
  62  6:17  Sentry  
  65  6:20  Probe  
  65  6:24  Observer (Chrono Boost)  
  65  6:25  Stalker  
  69  6:26  Probe  
  69  6:27  Stalker  
  69  6:30  Probe  
  69  6:32  Probe  
  74  6:34  Immortal (Chrono Boost)  
  74  6:37  Gateway  
  74  6:38  Probe  
  75  6:40  Charge  
  75  6:45  Observer (Chrono Boost)  
  75  6:46  Gateway  
  76  6:49  Stalker  
  76  6:50  Probe  
  79  6:54  Stalker  
  79  6:58  Stalker  
  79  7:01  Probe  
  83  7:06  Shield Battery  
  83  7:08  Immortal (Chrono Boost)  
  87  7:15  Shield Battery  
  87  7:18  Stalker  
  87  7:20  Shield Battery  
  89  7:26  Stalker  
  91  7:34  Stalker x2  
  77  7:51  Stalker x2  
  69  8:03  Probe  
  69  8:05  Probe  
  67  8:10  Probe  
  68  8:13  Protoss Ground Weapons Level 1 (Chrono Boost)  
  68  8:15  Stalker x3  
  68  8:16  Stalker  
  72  8:27  Gateway  
  72  8:29  Gateway, Photon Cannon  
  72  8:30  Observer (Chrono Boost), Gateway  
  73  8:35  Photon Cannon  
  73  8:38  Zealot x3  
  73  8:41  Sentry  
  81  8:43  Zealot  
  83  8:48  Warp Prism (Chrono Boost)  
  83  8:54  Photon Cannon  
  85  8:59  Pylon  
  85  9:03  Zealot  
  85  9:04  Zealot x2  
  85  9:08  Templar Archives  
  91  9:11  Stalker  
  91  9:16  Zealot  
  94  9:22  Zealot  
  96  9:25  Zealot  
  96  9:26  Zealot x3  
  96  9:30  Pylon  
  104  9:31  Pylon  
  104  9:46  High Templar  
  104  9:47  High Templar  
  104  9:48  Zealot x4  
  104  9:49  Zealot x2  
  104  9:51  Archon  
  82  11:03  Pylon  
  74  11:11  Pylon  
  73  11:15  Pylon  
  73  11:18  Pylon  
  66  11:22  Stalker  
  66  11:24  Immortal (Chrono Boost)  
  57  11:30  Pylon  
  57  11:32  Assimilator, Stalker x2  
  59  11:33  Stalker  
  59  11:34  Zealot, Assimilator  
  67  11:50  Zealot x3  
  67  12:12  Zealot x6  
  67  12:15  Zealot x7  
  45  12:38  Stalker x2  
  45  12:39  Zealot  
Tags
 
Add a new tag
Caveats
  • Supply blocks, unpowered buildings, or Contaminate may cause inaccurate times.
  • Supply counts are checked every 10 seconds.